 Dungeon Crawl Stone Soup version 0.22-a0-845-g8bfc27d406 (webtiles) character file.

28669 PikkenKukken the Covert (level 13, -1/60 HPs)
             Began as a Spriggan Enchanter on July 23, 2018.
             Was an Initiate of Gozag.
             Slain by a dream sheep (11 damage)
             ... on level 5 of the Lair of Beasts on July 26, 2018.
             The game lasted 01:27:46 (24535 turns).

PikkenKukken the Covert (Spriggan Enchanter)       Turns: 24535, Time: 01:27:46

Health: -1/60      AC:  4    Str:  4    XL:     13   Next: 11%
Magic:  26/28      EV: 30    Int: 18    God:    Gozag
Gold:   2102       SH: 10    Dex: 20    Spells: 20/32 levels left

rFire    + . .     SeeInvis +   G - +4 dagger
rCold    + . .     Gourm    +   s - +2 buckler
rNeg     . . .     Faith    .   g - +0 robe {rC+ rF+}
rPois    .         Spirit   .   K - +0 hat
rElec    .         Reflect  .   J - +1 cloak
rCorr    .         Harm     .   (gloves unavailable)
MR       ++...                  (boots unavailable)
Stlth    +++++++...             A - amulet of the gourmand
HPRegen  0.20/turn              b - ring of stealth
MPRegen  0.21/turn              y - +3 ring of slaying

@: very quick
A: very small, unfitting armour, see invisible, herbivore, speed 3, slow
metabolism 2
a: Potion Petition, Call Merchant, Bribe Branch, Renounce Religion


You were on level 5 of the Lair of Beasts.
You worshipped Gozag.
Gozag was most pleased with you.
You were not hungry.

You visited 3 branches of the dungeon, and saw 18 of its levels.

You collected 3328 gold pieces.
You spent 720 gold pieces at shops.
You paid 506 gold pieces to Gozag.

Inventory:

Hand Weapons
 a - a +2 dagger
 i - a +0 blowgun
 q - the +6 long sword of Skirmishing {freeze, *Corrode rElec rF- rN+++}
   (You took it off an orc priest on level 4 of the Dungeon)

   It has been specially enchanted to freeze those struck by it, causing extra
   injury to most foes and up to half again as much damage against particularly
   susceptible opponents.
   It can also slow down cold-blooded creatures.
   It makes you vulnerable to fire.
   It insulates you from electricity.
   It renders you almost immune to negative energy.
   It may corrode you when you take damage.
 G - a +4 dagger (weapon)
Missiles
 m - 36 poisoned needles
 I - 7 needles of sleeping
Armour
 g - a +0 robe of resistance (worn)
 s - a +2 buckler (worn)
 x - a scarf of cloud immunity
 J - a +1 cloak (worn)
 K - a +0 hat (worn)
Jewellery
 b - a ring of stealth (left hand)
 l - the ring of Hepliaklqana's Wrath {Wiz +Blink Str+4 Dex-2}
   (You found it on level 6 of the Dungeon)

   [ring of wizardry]

   It improves your spell success rate.
   It affects your strength (+4).
   It affects your dexterity (-2).
   It lets you blink.
 y - a +3 ring of slaying (right hand)
 A - an amulet of the gourmand (around neck)
 D - an uncursed ring of ice
 E - an uncursed ring of poison resistance
 N - the ring of Light {+Fly Int+6}
   (You found it on level 4 of the Lair of Beasts)

   [ring of flight]

   It affects your intelligence (+6).
   It lets you fly.
 S - an uncursed ring of poison resistance
Wands
 j - a wand of paralysis (4)
 o - a wand of flame (38)
 p - a wand of polymorph (11)
 w - a wand of digging (4)
 M - a wand of disintegration (9)
 O - a wand of random effects (28)
 R - a wand of iceblast (10)
Scrolls
 n - 5 scrolls of teleportation
 t - a scroll of magic mapping
 u - 6 scrolls of remove curse
 z - a scroll of amnesia
 B - 2 scrolls of fog
 C - 3 scrolls of fear
 H - 4 scrolls of blinking
 T - a scroll of enchant weapon
Potions
 c - 4 potions of heal wounds
 d - 4 potions of curing
 f - 7 potions of flight
 h - 2 potions of might
 k - a potion of agility
 r - a potion of mutation
 v - 2 potions of berserk rage
 L - a potion of magic
 P - a potion of cancellation
 Q - 2 potions of haste
Miscellaneous
 F - a sack of spiders
Comestibles
 e - 13 rations


   Skills:
 - Level 3.6 Fighting
 + Level 9.6 Short Blades
 + Level 12.4 Dodging
 + Level 13.2 Stealth
 + Level 6.0 Shields
 + Level 10.4 Spellcasting
 - Level 10.4 Hexes
 + Level 10.7 Evocations


You had 20 spell levels left.
You knew the following spells:

 Your Spells              Type           Power        Failure   Level  Hunger
a - Corona                Hex            #####..      1%          1    None
b - Ensorcelled Hibernat  Hex/Ice        ####..       1%          2    None
c - Confuse               Hex            #####...     1%          3    None
d - Tukima's Dance        Hex            #####...     1%          3    None
e - Dazzling Spray        Conj/Hex       ####..       2%          3    None

Your spell library contained the following spells:

 Spells                   Type           Power        Failure   Level  Hunger
 Lightning Bolt           Conj/Air       #.........   92%         5    #####..
 Shock                    Conj/Air       #...         9%          1    None
 Swiftness                Chrm/Air       #.......     12%         2    None
 Airstrike                Air            #.........   63%         4    ###....
 Confusing Touch          Hex            #####.       1%          1    None
 Metabolic Englaciation   Hex/Ice        ####......   26%         5    #####..
 Static Discharge         Conj/Air       #.......     24%         3    None
 Petrify                  Tmut/Erth      #.......     63%         4    ###....
 Gell's Gravitas          Tloc           #.........   24%         3    None
 Yara's Violent Unravell  Hex/Tmut       ####......   26%         5    #####..


Dungeon Overview and Level Annotations

Branches:
Dungeon (11/15)            Temple (1/1) D:4            Lair (6/6) D:10
 Shoals (0/4) Lair:3        Snake (0/4) Lair:3          Orc (0/2) D:10
  Slime: Lair:5-6

Altars:
Ashenzari
Cheibriados
Dithmenos
Elyvilon
Gozag
Hepliaklqana
Makhleb
Nemelex Xobeh
Okawaru
Qazlal
Ru
Sif Muna
Uskayaw
Vehumet
Xom
Yredelemnul
The Shining One

Shops:
D:8 :=   Lair:5 *

Annotations:
D:3 2 transporters


Innate Abilities, Weirdness & Mutations

You are very small and have problems with some larger weapons.
You are too small for most types of armour.
You have supernaturally acute eyesight. (SInv)
You are a herbivore.
You cover ground extremely quickly.
You need to consume almost no food.


Message History

There is a stone staircase leading down here.
You start resting.
Magic restored.
You climb downwards.
The komodo dragon bites you!!
The dream sheep ruffles its wool and motes of dream dust sparkle, to no effect.
You block the komodo dragon's attack.
There is a stone staircase leading up, spattered with blood here.
The dream sheep closely misses you. The komodo dragon bites you!!
* * * LOW HITPOINT WARNING * * *
You climb upwards.
There is a stone staircase leading down here.
You can't go up here!
Casting: Ensorcelled Hibernation (safe; 1% risk of failure)
Confirm with . or Enter, or press ? or * to list all spells.
Aiming: Ensorcelled Hibernation (safe; 1% risk of failure)
Press: ? - help, Shift-Dir - straight line, f - komodo dragon
Aim: a komodo dragon (chance to defeat MR: 39%)
The komodo dragon easily resists.
The dream sheep bites you!
You die...
Your body crumbles into a pile of gold.

.####..#......#....#
#.P#P#.. ##
#..P##.........###
##....... #
###.###.P....#..#.#
#......#. ###...#
#PP...##....# #..#.###.
.#..######....##...##
##..## ##
#........#.....#..##
#..## #
...............##..#
#P..# ##
#.P#..#..#....##..##
#..## #.
...##...###.....@.####
#...# ##. ...######
#....l.Y...## #P..# #..
#...# ##.#........###..##
##. #.###
#.......#....###.####..
....#
##.....##....####.......
#.#.#
#...P####...##..P.##....
P..## ##..##
#...........#..#. ..##
####.#####...............
..##
#P##.P##.................


You could see a komodo dragon and a dream sheep.

Vanquished Creatures
  Gastronok (Lair:2)
  Fannar (Lair:3)
  2 hydras
  A catoblepas (Lair:4)
  4 two-headed ogres
  A lindwurm (Lair:6)
  An ugly thing (D:10)
  A manticore (Lair:3)
  4 black mambas
  5 spiny frogs
  A rime drake (Lair:3)
  4 komodo dragons
  A troll (D:9)
  6 dream sheep
  6 hippogriffs
  5 blink frogs
  26 yaks
  A vampire (D:10)
  2 basilisks
  4 wyverns
  A hungry ghost (D:10)
  A soldier ant (D:10)
  3 water moccasins
  16 porcupines
  An orc warrior (D:8)
  2 sky beasts
  3 ice beasts
  4 phantoms
  2 black bears
  2 necrophages (D:9)
  3 ogres
  5 centaurs
  17 crocodiles
  2 big kobolds
  10 bullfrogs
  A gnoll sergeant (D:5)
  4 scorpions
  16 killer bees
  4 wights
  An electric eel (D:6)
  3 howler monkeys
  2 crimson imps
  2 hounds
  A bullfrog zombie (D:10)
  A centaur zombie (D:5)
  3 jellies
  A bullfrog skeleton (D:7)
  7 orc priests
  8 orc wizards
  2 iguanas
  10 worker ants
  2 hound zombies (D:8)
  A hound skeleton (D:7)
  14 gnolls
  12 adders
  A shadow imp (D:7)
  An ooze (D:5)
  An adder skeleton (D:7)
  3 worms
  5 leopard geckos
  30 orcs
  2 ball pythons
  4 giant cockroaches
  11 goblins
  6 hobgoblins
  11 jackals
  3 quokkas
  13 bats
  6 frilled lizards
  14 kobolds
  2 leopard gecko skeletons
  6 rats
  A butterfly (Lair:2)
364 creatures vanquished.

Vanquished Creatures (collateral kills)
  4 wights
4 creatures vanquished.

Vanquished Creatures (others)
  A dancing weapon (D:8)
  A bat (D:3)
  2 plants
4 creatures vanquished.

Grand Total: 372 creatures vanquished

Notes
Turn   | Place    | Note
-------+----------+-------------------------------------------
     0 | D:1      | PikkenKukken the Spriggan Enchanter began the quest for the Orb.
     0 | D:1      | Reached XP level 1. HP: 9/9 MP: 5/5
   796 | D:1      | Reached XP level 2. HP: 11/13 MP: 4/6
   800 | D:1      | Learned a level 2 spell: Ensorcelled Hibernation
  1959 | D:2      | Found a shadowy altar of Dithmenos.
  1994 | D:2      | Found a stormy altar of Qazlal.
  2031 | D:2      | Reached XP level 3. HP: 17/17 MP: 8/8
  2082 | D:2      | Found a deep blue altar of Sif Muna.
  3071 | D:3      | Reached skill level 1 in Fighting
  3233 | D:3      | Noticed a hungry ghost
  3237 | D:3      | Found a transporter.
  3242 | D:3      | Noticed an ogre
  3400 | D:3      | Found a transporter.
  3506 | D:3      | Reached XP level 4. HP: 22/22 MP: 5/10
  3597 | D:3      | Noticed a hand axe
  3598 | D:3      | Noticed an enchanted dagger
  3601 | D:3      | Found a hide-covered altar of Uskayaw.
  3607 | D:3      | You fall through a shaft for 2 floors!
  3607 | D:5      | Entered Level 5 of the Dungeon
  3640 | D:5      | Noticed an ice beast
  3725 | D:5      | Found a sparkling altar of Nemelex Xobeh.
  3798 | D:5      | Noticed a gnoll sergeant
  3889 | D:3      | Found a shattered altar of Ashenzari.
  3950 | D:3      | Learned a level 3 spell: Confuse
  4102 | D:3      | Found a white marble altar of Elyvilon.
  4133 | D:3      | Found a sparkling altar of Nemelex Xobeh.
  4180 | D:3      | Found a sacrificial altar of Ru.
  4180 | D:3      | Found a snail-covered altar of Cheibriados.
  4327 | D:3      | Reached skill level 5 in Stealth
  4506 | D:3      | Found a basalt altar of Yredelemnul.
  4807 | D:4      | Noticed a centaur
  5245 | D:4      | Reached skill level 1 in Evocations
  5253 | D:4      | Reached XP level 5. HP: 25/25 MP: 5/11
  5502 | D:4      | Reached XP level 6. HP: 30/30 MP: 4/12
  5641 | D:4      | Learned a level 3 spell: Tukima's Dance
  5641 | D:4      | Found a staircase to the Ecumenical Temple.
  5647 | Temple   | Entered the Ecumenical Temple
  5657 | Temple   | Became a worshipper of Gozag Ym Sagoz the Greedy
  6324 | D:4      | Reached skill level 5 in Dodging
  6506 | D:4      | Got a pitted long sword {freeze}
  6538 | D:4      | Reached XP level 7. HP: 35/35 MP: 11/14
  6702 | D:4      | Reached skill level 6 in Stealth
  6792 | D:4      | Found a glowing golden altar of the Shining One.
  7082 | D:4      | Reached skill level 5 in Hexes
  7582 | D:5      | Reached XP level 8. HP: 40/40 MP: 15/15
  8022 | D:5      | Identified the +6 long sword of Skirmishing {freeze, *Corrode rElec rF- rN+++} (You took it off an orc priest on level 4 of the Dungeon)
  8096 | D:5      | Reached skill level 1 in Shields
  8392 | D:5      | Found an iron altar of Okawaru.
  8599 | D:5      | Reached skill level 5 in Spellcasting
  8831 | D:5      | Reached skill level 7 in Stealth
  9500 | D:6      | Got a scintillating glass ring
  9501 | D:6      | Identified the ring of Hepliaklqana's Wrath {Wiz +Blink Str+4 Dex-2} (You found it on level 6 of the Dungeon)
  9795 | D:7      | Reached skill level 5 in Short Blades
  9862 | D:7      | Learned a level 3 spell: Dazzling Spray
 10315 | D:7      | Found a hazy altar of Hepliaklqana.
 10451 | D:7      | Reached skill level 5 in Evocations
 10451 | D:7      | Reached XP level 9. HP: 44/44 MP: 15/18
 10935 | D:8      | Reached skill level 8 in Stealth
 10943 | D:8      | Found Weriem's Jewellery Boutique.
 10946 | D:8      | Bought a +3 ring of slaying for 540 gold pieces
 10952 | D:8      | Found Zeugger's Book Shop.
 11426 | D:8      | Noticed a two-headed ogre
 11443 | D:8      | Killed a two-headed ogre
 11590 | D:8      | Reached skill level 9 in Stealth
 12286 | D:8      | Noticed a two-headed ogre
 12312 | D:8      | Killed a two-headed ogre
 12312 | D:8      | Reached XP level 10. HP: 49/49 MP: 10/21
 13382 | D:9      | Found a radiant altar of Vehumet.
 14159 | D:9      | You fall through a shaft for 2 floors!
 14160 | D:11     | Noticed a four-headed hydra
 14175 | D:11     | Noticed a red ugly thing
 14207 | D:11     | Reached skill level 10 in Stealth
 14266 | D:11     | Noticed a white ugly thing
 14267 | D:10     | Entered Level 10 of the Dungeon
 14385 | D:10     | Found a basalt altar of Yredelemnul.
 14519 | D:9      | Noticed a two-headed ogre
 14526 | D:9      | Killed a two-headed ogre
 14986 | D:10     | Reached XP level 11. HP: 52/52 MP: 13/23
 15107 | D:10     | Found a staircase to the Orcish Mines.
 15521 | D:10     | Noticed a green ugly thing
 15587 | D:10     | Killed a green ugly thing
 15759 | D:10     | Reached skill level 10 in Dodging
 16322 | D:10     | Noticed a two-headed ogre
 16324 | D:10     | Killed a two-headed ogre
 16358 | D:10     | Found a staircase to the Lair.
 16709 | Lair:1   | Entered Level 1 of the Lair of Beasts
 16730 | Lair:1   | Reached skill level 11 in Stealth
 18804 | Lair:2   | Noticed an eight-headed hydra
 18908 | Lair:2   | HP: 1/52 [eight-headed hydra (9)]
 19233 | Lair:2   | Killed an eight-headed hydra
 19233 | Lair:2   | Reached skill level 5 in Shields
 19233 | Lair:2   | Reached XP level 12. HP: 17/57 MP: 20/26
 19731 | Lair:2   | Noticed Gastronok
 19946 | Lair:2   | Killed Gastronok
 19946 | Lair:2   | Reached skill level 12 in Stealth
 20276 | Lair:3   | Found a labyrinth entrance.
 20353 | Lair:3   | Noticed Fannar
 20525 | Lair:3   | Killed Fannar
 20599 | Lair:3   | Found a staircase to the Snake Pit.
 20717 | Lair:3   | Found a staircase to the Shoals.
 21166 | Lair:4   | Got a sparkling glass ring
 21168 | Lair:4   | Identified the ring of Light {+Fly Int+6} (You found it on level 4 of the Lair of Beasts)
 21192 | Lair:3   | Reached skill level 10 in Hexes
 21197 | Lair:3   | Reached skill level 10 in Evocations
 21614 | Lair:4   | Reached skill level 10 in Spellcasting
 22455 | D:5      | Upgraded the game from 0.22-a0-812-g4c1e2d5471 to 0.22-a0-845-g8bfc27d406
 22851 | Lair:5   | Noticed a catoblepas
 23483 | Lair:4   | Killed a catoblepas
 23533 | Lair:5   | Reached skill level 13 in Stealth
 23802 | Lair:5   | Reached XP level 13. HP: 60/60 MP: 28/28
 24208 | Lair:5   | Bought a scroll of enchant weapon for 180 gold pieces
 24217 | Lair:6   | Entered Level 6 of the Lair of Beasts
 24535 | Lair:5   | Slain by a dream sheep

Vault maps used:
D:1:      evilmike_arrival_hilbert_curve, bh_walls_and_bars
D:2:      nicolae_overflow_hidden_temple, lemuel_crystal_altar, first_ration,
          lemuel_blue_sif_altar
D:3:      dancing_weapons_uskayaw, elyvilon_altar_4,
          nemelex_xobeh_ov_fountains_minmay, lemuel_doored_altar,
          gammafunk_temple_overflow_arena, gammafunk_temple_overflow_elements
D:4:      minmay_temple_entry_enclosed_plants, nicolae_tso_carved_into_rock
D:5:      okawaru_altar_gauntlet_db, basic_altar, kennysheep_generic_room_10
D:6:      fountainhead
D:7:      lemuel_crystal_altar, grunt_livestock, uniq_pikel
D:8:      serial_shops, nicolae_shop_behind_doors,
          nicolae_shop_competitors_out_of_business, minmay_orc_keep
D:9:      vehumet_crystals
D:10:     david_lair_shrubbed, david_orc_2, grunt_decor_cap,
          yredelemnul_altar_generic
D:11:     minmay_the_grid_four_pointed_star_mashed, serial_bayou,
          serial_bayou_shore_b, serial_bayou_crossing, serial_bayou_ford_a,
          serial_bayou_pond_c, serial_bayou_pond_d
Temple:   compressed_dpeg_triangle_lava_temple
Lair:1:   statuecave_lemuel, st_stairs_6
Lair:2:   beast_lair_carwin_8, lemuel_fruit_fields, uniq_gastronok
Lair:3:   minmay_shoals_entry_beasts, dummy_snake_entry, lab_entry_generic,
          uniq_fannar
Lair:5:   lemuel_fruit_fields, serial_bayou_shore_b
Lair:6:   cheibrodos_lair_end_hotspot, dpeg_slime_entry_enclosed_altar,
          minmay_lair_oklob_bushes

Skill      XL: |  1  2  3  4  5  6  7  8  9 10 11 12 13 |
---------------+----------------------------------------+-----
Spellcasting   | 3 4 5 6 7 9 10 | 10.4
Hexes          | 4 5 6 7 8 9 10 | 10.4
Fighting       | 1 2 3 |  3.6
Short Blades   | 2 3 4 5 6 7 8 9 |  9.6
Stealth        | 5 6 7 9 10 11 13 | 13.2
Evocations     | 1 2 3 5 6 7 9 10 | 10.7
Dodging        | 4 5 6 7 8 9 11 12 | 12.4
Shields        | 2 3 4 5 6 |  6.0

Action                   |  1- 3 |  4- 6 |  7- 9 | 10-12 | 13-15 || total
-------------------------+-------+-------+-------+-------+-------++-------
Melee: Dagger            |   113 |    51 |   164 |   327 |     9 ||   664
       Long sword        |       |       |    57 |       |       ||    57
 Cast: Corona            |    20 |     3 |       |       |       ||    23
       Ensorcelled Hiber |    44 |    64 |    89 |   238 |    15 ||   450
       Confuse           |       |     2 |    39 |    47 |       ||    88
       Tukima's Dance    |       |       |     6 |     3 |       ||     9
       Dazzling Spray    |       |       |     1 |    10 |       ||    11
Invok: Call Merchant     |       |       |       |       |     1 ||     1
Evoke: Wand              |       |       |     3 |    13 |       ||    16
  Use: Scroll            |     7 |     2 |     8 |     8 |     1 ||    26
       Potion            |       |       |       |     2 |       ||     2
 Stab: Sleeping          |    37 |    36 |    56 |   144 |     8 ||   281
       Confused          |       |     2 |    24 |    18 |       ||    44
       Distracted        |       |       |     2 |     4 |       ||     6
       Paralysed         |       |       |     4 |       |       ||     4
       Invisible         |       |       |     1 |     3 |       ||     4
  Eat: Ration            |     2 |     2 |     5 |     6 |       ||    15
Armor: Robe              |     7 |     1 |     4 |     8 |       ||    20
Dodge: Dodged            |   128 |    40 |   107 |   215 |    11 ||   501
Block: Buckler           |       |       |    57 |   125 |     7 ||   189
       Rpst.: Long sword |       |       |     2 |       |       ||     2

Table legend:
 A = Spawn XP
 B = Non-spawn XP
 C = Spawn XP percentage of total XP
 D = Spawn monster count
 E = Non-spawn monster count
 F = Spawn count percentage of total count
 G = Total turns spent on level
                    A         B        C        D         E        F      G
               +---------+---------+-------+---------+---------+-------+---------
         Total |       0 |   40957 |   0.0 |       0 |     367 |   0.0 | 24535
               +---------+---------+-------+---------+---------+-------+---------
           D:1 |       0 |      35 |   0.0 |       0 |      21 |   0.0 |  2018
           D:2 |       0 |      35 |   0.0 |       0 |      19 |   0.0 |  1004
           D:3 |       0 |     128 |   0.0 |       0 |      30 |   0.0 |  2077
           D:4 |       0 |     811 |   0.0 |       0 |      29 |   0.0 |  2047
           D:5 |       0 |    1083 |   0.0 |       0 |      29 |   0.0 |  2109
           D:6 |       0 |     340 |   0.0 |       0 |       7 |   0.0 |   539
           D:7 |       0 |     847 |   0.0 |       0 |      22 |   0.0 |  1297
           D:8 |       0 |    3639 |   0.0 |       0 |      41 |   0.0 |  2528
           D:9 |       0 |    2548 |   0.0 |       0 |      19 |   0.0 |  1155
          D:10 |       0 |    5321 |   0.0 |       0 |      48 |   0.0 |  2162
          D:11 |       0 |     241 |   0.0 |       0 |       2 |   0.0 |   108
        Lair:1 |       0 |    3611 |   0.0 |       0 |      18 |   0.0 |  1900
        Lair:2 |       0 |    6915 |   0.0 |       0 |      23 |   0.0 |  1680
        Lair:3 |       0 |    4831 |   0.0 |       0 |      19 |   0.0 |  1512
        Lair:4 |       0 |    5168 |   0.0 |       0 |      22 |   0.0 |  1379
        Lair:5 |       0 |    4774 |   0.0 |       0 |      17 |   0.0 |   956
        Lair:6 |       0 |     630 |   0.0 |       0 |       1 |   0.0 |    43
               +---------+---------+-------+---------+---------+-------+---------
